 Dungeon Crawl Stone Soup version 0.14-a0-2017-g4a4604d (webtiles) character file.

97 Kae the Vexing (level 2, 0/13 HPs)
             Began as a Spriggan Enchanter on Jan 18, 2014.
             Succumbed to an adder's poison
             ... on Level 2 of the Dungeon.
             The game lasted 00:01:13 (1122 turns).

Kae the Vexing (Spriggan Enchanter)                 Turns: 1122, Time: 00:01:14

HP   0/13        AC  3     Str  4      XL: 2   Next: 93%
MP   8/8         EV 18     Int 16      God:
Gold 70          SH  0     Dex 16      Spells:  2 memorised,  4 levels left

rFire  . . .     SeeInvis +     a - +1 dagger
rCold  . . .     Clarity  .     b - +1 robe
rNeg   . . .     Conserve .     (shield restricted)
rPois  .         rCorr    .     (helmet restricted)
rElec  .         rRot     .     (no cloak)
SustAb . .       Spirit   .     (gloves unavailable)
rMut   .         Warding  .     (boots unavailable)
Saprov . . .     Stasis   .     (no amulet)
MR     .....                    (no ring)
                                (no ring)

@: mildly poisoned, very quick, not resistant to hostile enchantments, stealthy
A: unfitting armour, see invisible, herbivore 3, speed 3, slow metabolism 2
a: no special abilities


You were on level 2 of the Dungeon.
You were not hungry.

You visited 1 branch of the dungeon, and saw 2 of its levels.

You collected 70 gold pieces.

Inventory:

Hand weapons
 a - a +1,+1 dagger (weapon)
Missiles
 d - 12 darts (quivered)
Armour
 b - a +1 robe (worn)
Comestibles
 h - a bread ration
Scrolls
 g - a scroll of fog {unknown}
 i - 2 scrolls of identify {unknown}
 k - a scroll of remove curse {unknown}
Potions
 e - a potion of porridge
 f - 2 potions of agility {unknown}
 j - a potion of speed {unknown}
Books
 c - a book of Maledictions

   Spells                             Type                      Level
   *Corona                            Hexes                        1
   Sure Blade                         Hexes/Charms                 2
   *Ensorcelled Hibernation           Hexes/Ice                    2
   Confuse                            Hexes                        3
   Enslavement                        Hexes                        4
   Invisibility                       Hexes                        6


   Skills:
 * Level 2.1 Short Blades
 - Level 1.1 Throwing
 - Level 3.0 Dodging
 * Level 3.8 Stealth
 + Level 3.0 Spellcasting
 + Level 3.9 Hexes


You had 4 spell levels left.
You knew the following spells:

 Your Spells              Type           Power        Failure   Level  Hunger
a - Corona                Hex            ##.....      4%          1    #......
b - Ensorcelled Hibernat  Hex/Ice        #.....       14%         2    ##.....


Dungeon Overview and Level Annotations

Branches:
Dungeon (2/16)

Altars:
Makhleb
Sif Muna
Xom


Innate Abilities, Weirdness & Mutations

You are tiny and cannot use many weapons and most armour.
You have supernaturally acute eyesight.
You are a herbivore.
You cover ground extremely quickly.
You need consume almost no food.


Message History

You hit the adder.
The adder is heavily wounded.
The adder bites you.
You are poisoned.
The adder poisons you!
You are too injured to fight recklessly!
You are too injured to fight recklessly!
You are too injured to fight recklessly!
You are too injured to fight recklessly!
You barely miss the adder.
The adder is heavily wounded.
The adder bites you.
* * * LOW HITPOINT WARNING * * *
You hit the adder.
The adder is almost dead.
The adder misses you.
Unknown command.
You closely miss the adder.
The adder is almost dead.
You die...

....#####.#..###..#.# ###
#. #.........#.#######.
###<.###.##......... #..#
#.###...###..
##..###.###.## ##. #
...#.....#.######.
#.###.#.#.#.#.#......
≈≈._#......%........####.
_≈_...?S@...#.#.#.......#
.≈#.#..##.#.....#..####.#
#..####........####.#
#............)..##...
.######.####.#..#.# #.#
#.#._. #.# #.##.# #.###
##.#..# #...# #......


You could see an adder.

Vanquished Creatures
  An ooze (D:2)
  6 bats
  A giant cockroach (D:1)
  2 goblins
  5 hobgoblins (D:1)
  A giant gecko (D:1)
  A giant newt (D:1)
  A kobold (D:1)
  6 rats
24 creatures vanquished.

Notes
Turn   | Place    | Note
--------------------------------------------------------------
     0 | D:1      | Kae, the Spriggan Enchanter, began the quest for the Orb.
     0 | D:1      | Reached XP level 1. HP: 9/9 MP: 4/4
   350 | D:1      | Reached XP level 2. HP: 11/13 MP: 7/7
   383 | D:1      | Learned a level 2 spell: Ensorcelled Hibernation
  1055 | D:2      | Found a burning altar of Makhleb.
  1070 | D:2      | Found a deep blue altar of Sif Muna.
  1116 | D:2      | Found a shimmering altar of Xom.
  1117 | D:2      | Found a shimmering altar of Xom.
  1118 | D:2      | Found a shimmering altar of Xom.
  1122 | D:2      | Succumbed to an adder's poison

Action                   || total
-------------------------++-------
Melee: Dagger            ||    89
Throw: Dart              ||     2
 Cast: Corona            ||     1
       Ensorcelled Hiber ||     4
 Stab: Sleeping          ||     6
